[Event "Titled Tuesday Blitz December 27 Early 2022"]
[White "Jimenez, Joaquin"]
[Black "Rohith Krishna S"]
[WhiteFideId "109860"]
[BlackFideId "46617051"]
[WhiteElo "2195"]
[BlackElo "2385"]
[Result "0-1"]
[Round "01"]
[TimeControl "180+2"]
[Date "2022.12.27"]
[WhiteClock "0:00:14"]
[BlackClock "0:00:59"]

1. e4 e5 2. Nf3 Nc6 3. Bb5 Nge7 4. Nc3 a6 5. Ba4 d6 6. h3 g6 7. d4 b5 8. Bb3 Bg7 9. dxe5 Nxe5 10. Nxe5 Bxe5 11. f4 Bg7 12. O-O O-O 13. Be3 c5 14. Bd5 Nxd5 15. Nxd5 Re8 16. Qf3 Bb7 17. c3 b4 18. Rad1 Qa5 19. cxb4 cxb4 20. Bb6 Qxa2 21. Nc7 Bxe4 22. Qf2 Qxb2 23. Qxb2 Bxb2 24. Rxd6 b3 25. Nxa8 Rxa8 26. Re1 f5 27. Re3 Bc2 28. Rd7 Bf6 29. Rb7 b2 30. Bd8 Rxd8 31. Rxb2 Bxb2 0-1


[Site "https://www.chess.com"]

[Event "Titled Tuesday Blitz December 27 Early 2022"]
[White "Jobava, Baadur"]
[Black "Ozates, Tuna"]
[WhiteFideId "13601520"]
[BlackFideId "6354521"]
[WhiteElo "2578"]
[BlackElo "2251"]
[Result "1-0"]
[Round "01"]
[TimeControl "180+2"]
[Date "2022.12.27"]
[WhiteClock "0:02:13"]
[BlackClock "0:00:35"]

1. b3 c5 2. Bb2 Nc6 3. g3 d6 4. Bg2 e5 5. e3 g6 6. c4 Bg7 7. Ne2 Nge7 8. O-O O-O 9. Nbc3 Be6 10. d3 Qd7 11. Qc2 Bh3 12. Rad1 Bxg2 13. Kxg2 f5 14. f4 d5 15. cxd5 Nxd5 16. Nxd5 Qxd5+ 17. e4 Qd6 18. fxe5 Bxe5 19. Bxe5 Qxe5 20. Qc4+ Kh8 21. Nf4 fxe4 22. dxe4 Rae8 23. Rd5 Qe7 24. Rxc5 Ne5 25. Qc3 Qg7 26. Rxe5 Rxe5 27. Ne6 1-0


[Site "https://www.chess.com"]

[Event "Titled Tuesday Blitz December 27 Early 2022"]
[White "Jones, Gawain C B"]
[Black "Goncalves, Davi Sulzbacher"]
[WhiteFideId "409561"]
[BlackFideId "2154510"]
[WhiteElo "2618"]
[BlackElo "2282"]
[Result "1-0"]
[Round "01"]
[TimeControl "180+2"]
[Date "2022.12.27"]
[WhiteClock "0:02:14"]
[BlackClock "0:00:04"]

1. Nf3 Nf6 2. g3 g6 3. Bg2 Bg7 4. c4 O-O 5. Nc3 d5 6. cxd5 Nxd5 7. h4 c5 8. h5 Nc6 9. Qa4 e5 10. hxg6 hxg6 11. Nxd5 Qxd5 12. Qh4 Rd8 13. d3 Bf5 14. Bg5 Rd6 15. e4 Qxd3 16. exf5 Nb4 17. Nd2 Nc2+ 18. Kd1 Rad8 19. Be4 Qxd2+ 20. Bxd2 Rxd2+ 21. Kc1 Rxf2 22. Qxd8+ 1-0


[Site "https://www.chess.com"]

[Event "Titled Tuesday Blitz December 27 Early 2022"]
[White "Kahlert, Thomas"]
[Black "Samsonkin, Artiom"]
[WhiteFideId "4625242"]
[BlackFideId "13503111"]
[WhiteElo "2144"]
[BlackElo "2420"]
[Result "1/2-1/2"]
[Round "01"]
[TimeControl "180+2"]
[Date "2022.12.27"]
[WhiteClock "0:01:43"]
[BlackClock "0:00:35"]

1. c4 Nf6 2. Nc3 e5 3. Nf3 Nc6 4. g3 g6 5. Bg2 Bg7 6. O-O O-O 7. d4 d6 8. dxe5 Nxe5 9. Nxe5 dxe5 10. Bg5 Be6 11. Qxd8 Rfxd8 12. Bxf6 Bxf6 13. Nd5 Bxd5 14. cxd5 c6 15. dxc6 bxc6 16. Bxc6 Rac8 17. Be4 Rd2 18. e3 Rxb2 19. Rfc1 Rd8 20. Rab1 Rxb1 21. Rxb1 Be7 22. Rb7 Bc5 23. Bc2 f5 24. Bb3+ Kh8 25. Kf1 Bb6 26. Ke2 e4 27. h4 1/2-1/2


[Site "https://www.chess.com"]

[Event "Titled Tuesday Blitz December 27 Early 2022"]
[White "Kamsky, Gata"]
[Black "Kabanov, Nikolai"]
[WhiteFideId "2000024"]
[BlackFideId "4127820"]
[WhiteElo "2665"]
[BlackElo "2429"]
[Result "1-0"]
[Round "01"]
[TimeControl "180+2"]
[Date "2022.12.27"]
[WhiteClock "0:00:20"]
[BlackClock "0:00:21"]

1. d4 Nf6 2. Bf4 d5 3. e3 c5 4. c3 Nc6 5. Nd2 Qb6 6. Qb3 c4 7. Qc2 g6 8. e4 Nxe4 9. Nxe4 dxe4 10. Bxc4 Bf5 11. Ne2 Rc8 12. Qb3 Qxb3 13. axb3 a6 14. Ng3 Bg7 15. Bd5 e5 16. dxe5 Nxe5 17. Bxe5 Bxe5 18. Bxb7 Rb8 19. Bc6+ Ke7 20. b4 Bc8 21. Nxe4 Rd8 22. Nc5 Rb6 23. Bf3 Rbd6 24. O-O f5 25. Bb7 Rd2 26. Rfe1 Kf6 27. Bxc8 Rxc8 28. Rxa6+ Rd6 29. Rxd6+ Bxd6 30. Re6+ 1-0


[Site "https://www.chess.com"]

[Event "Titled Tuesday Blitz December 27 Early 2022"]
[White "Kazancev, Valerij M"]
[Black "Kalashian, David"]
[WhiteFideId "4179609"]
[BlackFideId "13302418"]
[WhiteElo "2313"]
[BlackElo "2398"]
[Result "1-0"]
[Round "01"]
[TimeControl "180+2"]
[Date "2022.12.27"]
[WhiteClock "0:00:33"]
[BlackClock "0:00:08"]

1. c4 e6 2. Nf3 Nf6 3. g3 d5 4. Bg2 Be7 5. O-O O-O 6. b3 c5 7. e3 Nc6 8. Bb2 d4 9. exd4 cxd4 10. Re1 Re8 11. a3 a5 12. d3 Bf8 13. h3 e5 14. Nbd2 Bf5 15. Nf1 Bg6 16. Nh4 Qb6 17. Nxg6 hxg6 18. Bc1 Nb8 19. Rb1 Nbd7 20. b4 axb4 21. axb4 Ra2 22. Qb3 Rea8 23. c5 Bxc5 24. bxc5 Qxb3 25. Rxb3 Nxc5 26. Rb5 Nxd3 27. Rd1 Nxf2 28. Rd2 Rxd2 29. Bxd2 N2e4 30. Rxe5 Nxd2 31. Nxd2 Ra2 32. Nf1 b6 33. Rb5 Nh5 34. Rxb6 Ra1 35. Kh2 d3 36. Rd6 Ra3 37. Bf3 Ra1 38. Kg2 Ra2+ 39. Kg1 Ra1 40. Bxh5 gxh5 41. Rxd3 g6 42. Kg2 Kg7 43. Rd2 Ra6 44. Ne3 Ra3 45. Nd5 Ra5 46. Kf3 Ra4 47. Ne3 Ra3 48. Rd5 Ra1 49. h4 Rb1 50. Ra5 Rb3 51. Kf2 Rb2+ 52. Kg1 Rb3 53. Kf2 Rb2+ 54. Kf3 Rb3 55. Rc5 Ra3 56. Rd5 Rb3 57. Ke4 Rb4+ 58. Rd4 Rb1 59. Rd7 Rg1 60. Kf3 Ra1 61. Nd5 Rd1 62. Nb6 Rb1 63. Nc8 Rb3+ 64. Kg2 Rb2+ 65. Kh3 Rf2 66. Nd6 Kf8 67. Ne4 Re2 68. Ng5 Rf2 69. Rd4 Kg7 70. Rf4 Rxf4 71. gxf4 f6 72. Nf3 Kf7 73. Kg3 Ke6 74. Nd4+ Kd5 75. Nb5 Ke4 76. Nd6+ Kd5 77. Nf7 Ke6 78. Nh6 f5 79. Kf3 Kf6 80. Ke3 Kg7 81. Nxf5+ gxf5 82. Kd4 Kf6 83. Kd5 Kf7 84. Ke5 Kg6 85. Ke6 Kg7 86. Kxf5 Kf7 87. Kg5 Kg7 88. Kxh5 1-0


[Site "https://www.chess.com"]

[Event "Titled Tuesday Blitz December 27 Early 2022"]
[White "Kezin, Roman"]
[Black "Majdan, Joanna"]
[WhiteFideId "24124621"]
[BlackFideId "1121979"]
[WhiteElo "2514"]
[BlackElo "2306"]
[Result "1-0"]
[Round "01"]
[TimeControl "180+2"]
[Date "2022.12.27"]
[WhiteClock "0:00:49"]
[BlackClock "0:00:34"]

1. Nf3 Nf6 2. b3 g6 3. Bb2 Bg7 4. c4 c5 5. e3 O-O 6. Be2 Nc6 7. O-O d5 8. cxd5 Nxd5 9. Bxg7 Kxg7 10. Qc1 b6 11. d4 Qd6 12. dxc5 bxc5 13. Nc3 Bf5 14. Rd1 Nxc3 15. Qxc3+ Qf6 16. Qxc5 Rac8 17. Rac1 h5 18. Ba6 Rc7 19. Nd4 Be4 20. Bf1 Rfc8 21. Nb5 Rb7 22. Nc3 Bf5 23. Nd5 Qg5 24. Nf4 e5 25. Ne2 a6 26. Ng3 Rb5 27. Bxb5 axb5 28. Qd6 Bg4 29. Ne4 Qf5 30. f3 Bxf3 31. gxf3 Qxf3 32. Qf6+ Qxf6 33. Nxf6 Kxf6 34. Rd6+ 1-0


[Site "https://www.chess.com"]

[Event "Titled Tuesday Blitz December 27 Early 2022"]
[White "Khubukshanov, Erdem"]
[Black "Minko, Dmitry"]
[WhiteFideId "54114527"]
[BlackFideId "24188468"]
[WhiteElo "2382"]
[BlackElo "2247"]
[Result "1-0"]
[Round "01"]
[TimeControl "180+2"]
[Date "2022.12.27"]
[WhiteClock "0:00:14"]
[BlackClock "0:00:11"]

1. b3 e5 2. Bb2 Nc6 3. Nf3 d6 4. e3 Nf6 5. d4 Nd5 6. dxe5 dxe5 7. Nxe5 Bb4+ 8. c3 Nxe5 9. cxb4 Ng6 10. Bxg7 Rg8 11. Bb2 Bf5 12. a3 c6 13. Nc3 Nh4 14. Nxd5 cxd5 15. g3 Be4 16. gxh4 Bxh1 17. Qh5 Qd6 18. Rc1 Be4 19. f3 Bg6 20. Bb5+ Kf8 21. Qh6+ Ke7 22. Qg5+ Kf8 23. Be5 Qe6 24. Qh6+ Ke7 25. Rc7+ Kd8 26. Qf4 f5 27. Qg5+ 1-0


[Site "https://www.chess.com"]

[Event "Titled Tuesday Blitz December 27 Early 2022"]
[White "Kilic, Eray"]
[Black "Forgacs, Attila Jr."]
[WhiteFideId "44517173"]
[BlackFideId "773654"]
[WhiteElo "2414"]
[BlackElo "2264"]
[Result "1-0"]
[Round "01"]
[TimeControl "180+2"]
[Date "2022.12.27"]
[WhiteClock "0:00:10"]
[BlackClock "0:00:05"]

1. e4 e5 2. Nf3 Nc6 3. Bb5 a6 4. Ba4 Nf6 5. O-O Be7 6. Re1 b5 7. Bb3 O-O 8. a4 b4 9. a5 d6 10. d3 Be6 11. Nbd2 Qc8 12. h3 h6 13. Nc4 Rd8 14. Ba4 Qb7 15. Bxc6 Qxc6 16. b3 Bf8 17. Bd2 Rab8 18. Qe2 g6 19. Ra4 Bxc4 20. dxc4 Qc5 21. Rd1 Qc6 22. Re1 Qc5 23. Qd3 Bg7 24. Re2 Re8 25. g4 Nd7 26. Qd5 c6 27. Qd3 d5 28. exd5 cxd5 29. Qxd5 Qxd5 30. cxd5 e4 31. Ne1 Bc3 32. Bxc3 bxc3 33. Raxe4 Nf6 34. Rxe8+ Nxe8 35. Nd3 Nd6 36. Re7 Rb5 37. Rc7 Rxd5 38. b4 Ne4 39. f3 Nd2 40. Kg2 Nb1 41. Rc6 Rb5 42. Rxa6 Na3 43. Rc6 Nxc2 44. Rxc3 Nxb4 45. Rb3 Rxa5 46. Rxb4 Ra2+ 47. Kg3 Kg7 48. Rd4 Ra3 49. Rd7 Ra5 50. h4 Kf6 51. Nf4 g5 52. Nh5+ Kg6 53. Rd6+ Kh7 54. Rf6 gxh4+ 55. Kxh4 Ra7 56. f4 Kg8 57. Rxh6 Ra1 58. Rc6 Rh1+ 59. Kg5 Rb1 60. Kh6 Kf8 61. g5 Rh1 62. f5 Rf1 63. g6 Ke8 64. g7 Rg1 65. Rc8+ Ke7 66. g8=Q Rxg8 67. Rxg8 f6 68. Rg6 Kf7 69. Rxf6+ Kg8 70. Kg6 Kh8 71. Rf8# 1-0


[Site "https://www.chess.com"]

[Event "Titled Tuesday Blitz December 27 Early 2022"]
[White "Korchmar, Vasiliy"]
[Black "Bogaudinov, Rushan"]
[WhiteFideId "24131750"]
[BlackFideId "4129288"]
[WhiteElo "2438"]
[BlackElo "1939"]
[Result "1-0"]
[Round "01"]
[TimeControl "180+2"]
[Date "2022.12.27"]
[WhiteClock "0:00:29"]
[BlackClock "0:00:38"]

1. e4 e6 2. d4 d5 3. e5 c5 4. c3 Nc6 5. Nf3 Nge7 6. Na3 Nf5 7. Nc2 a6 8. Bd3 Be7 9. O-O b5 10. g4 Nh4 11. Nxh4 Bxh4 12. f4 c4 13. Be2 Be7 14. Be3 g6 15. Bf3 Qc7 16. f5 Bb7 17. fxe6 fxe6 18. Bg2 O-O-O 19. Bh6 Bf8 20. Bg5 Rd7 21. Bf6 Rg8 22. g5 h6 23. Bh3 Re7 24. Bxe7 Qxe7 25. Qg4 Nd8 26. Rf6 h5 27. Qf4 Bc6 28. Nb4 Bd7 29. Nxa6 Bg7 30. Rf1 Bxf6 31. exf6 e5 32. fxe7 exf4 33. exd8=Q+ Kxd8 34. Bxd7 Kxd7 35. Rxf4 Re8 36. Kf2 Re6 37. Nc5+ 1-0


[Site "https://www.chess.com"]

[Event "Titled Tuesday Blitz December 27 Early 2022"]
[White "Koridze, Lile"]
[Black "Sourath Biswas"]
[WhiteFideId "13612514"]
[BlackFideId "35091484"]
[WhiteElo "2191"]
[BlackElo "2281"]
[Result "0-1"]
[Round "01"]
[TimeControl "180+2"]
[Date "2022.12.27"]
[WhiteClock "0:00:24"]
[BlackClock "0:00:06"]

1. d4 Nf6 2. c4 g6 3. Nc3 Bg7 4. e4 O-O 5. Nf3 d6 6. Be2 Nbd7 7. O-O e5 8. Be3 Qe7 9. Qc2 c6 10. Rad1 Kh8 11. h3 a6 12. Rfe1 Ng8 13. a3 f5 14. exf5 gxf5 15. Bg5 Qf7 16. dxe5 dxe5 17. Bf1 e4 18. Nd4 Qg6 19. Bf4 Ne5 20. Kh1 Re8 21. f3 exf3 22. Nxf3 Nxf3 23. gxf3 Rxe1 24. Rxe1 Be6 25. Na4 Re8 26. Bg2 Qf7 27. b3 Bc8 28. Re2 Rxe2 29. Qxe2 b5 30. Nc5 bxc4 31. bxc4 Nf6 32. Qd3 Nh5 33. Qd8+ Qf8 34. Qxf8+ Bxf8 35. Be5+ Kg8 36. f4 Bxc5 37. Bxc6 Ng3+ 38. Kg2 Ne4 39. Bd5+ Kf8 40. a4 Nd6 41. Kf3 Bd7 42. a5 Be8 43. Ke2 Bf7 44. Kd3 Bxd5 45. cxd5 Ke7 46. Bxd6+ Kxd6 0-1


[Site "https://www.chess.com"]

[Event "Titled Tuesday Blitz December 27 Early 2022"]
[White "Kovacevic, Radmila"]
[Black "Gulevich, Artem"]
[WhiteFideId "933171"]
[BlackFideId "24119580"]
[WhiteElo "2106"]
[BlackElo "2304"]
[Result "0-1"]
[Round "01"]
[TimeControl "180+2"]
[Date "2022.12.27"]
[WhiteClock "0:00:39"]
[BlackClock "0:00:12"]

1. e4 c5 2. c3 Nf6 3. e5 Nd5 4. Nf3 Nc6 5. d4 cxd4 6. cxd4 d6 7. Bc4 dxe5 8. dxe5 Ndb4 9. Qb3 e6 10. a3 Na5 11. Bb5+ Bd7 12. Qa4 Bxb5 13. Qxb5+ Nbc6 14. Be3 a6 15. Qa4 b5 16. Qc2 Rc8 17. Nc3 Nc4 18. Bg5 Be7 19. Bxe7 Qxe7 20. Qe2 O-O 21. O-O Rfd8 22. Rad1 h6 23. h3 Rxd1 24. Rxd1 Rd8 25. Rxd8+ Qxd8 26. a4 Qb8 27. axb5 axb5 28. b3 N4a5 29. Qxb5 Qxb5 30. Nxb5 Nxb3 31. Na3 Nc1 32. Kf1 Nd3 33. Nc4 Nf4 34. h4 h5 35. g3 Nd5 36. Ke2 Kh7 37. Ng5+ Kg6 38. f4 Ndb4 39. Ne3 Ne7 40. Kf3 Nf5 41. Nxf5 exf5 42. Ke3 Nd5+ 43. Kd4 Nb4 44. Kc5 Nc2 45. Kd6 Ne3 46. Kd7 Nf1 47. Nxf7 Nxg3 48. Nh8+ Kh7 49. e6 Ne4 50. Nf7 Kg6 51. Nd6 Nc5+ 52. Ke7 Nd3 53. Kf8 Nxf4 54. e7 Ne6+ 55. Kg8 Nc7 56. Nxf5 Kxf5 57. Kxg7 Kg4 58. Kf6 Kxh4 59. Ke5 Kg5 60. Kd6 Ne8+ 61. Kd5 h4 62. Ke4 Kg4 63. Ke3 Kg3 64. Ke2 Kg2 65. Ke3 h3 66. Kf4 h2 0-1


[Site "https://www.chess.com"]

[Event "Titled Tuesday Blitz December 27 Early 2022"]
[White "Kowalczyk, Pawel"]
[Black "Wickramasinghe, Minethma Lasandi"]
[WhiteFideId "1130641"]
[BlackFideId "9966170"]
[WhiteElo "2332"]
[BlackElo "1483"]
[Result "1-0"]
[Round "01"]
[TimeControl "180+2"]
[Date "2022.12.27"]
[WhiteClock "0:02:20"]
[BlackClock "0:01:09"]

1. e4 c5 2. Ne2 Nc6 3. g3 g6 4. Bg2 Bg7 5. O-O d6 6. c3 Nf6 7. d4 cxd4 8. cxd4 O-O 9. Nbc3 Qa5 10. h3 Nd7 11. Be3 a6 12. Qd2 Nb6 13. b3 Bd7 14. Rfc1 Nc8 15. a3 N8a7 16. b4 Qd8 17. f4 Rc8 18. d5 Nxb4 19. axb4 Nb5 20. Nxb5 Bxb5 21. Nd4 Bc4 22. Kh2 Qd7 23. Ra3 Bb5 24. Rac3 b6 25. Rxc8 Rxc8 26. Rxc8+ Qxc8 27. Nxb5 axb5 28. Bf1 Bc3 29. Qc2 Qc7 30. Bd4 Qa7 31. Qxc3 Qa2+ 32. Bg2 h5 33. Qc8+ Kh7 34. Qh8# 1-0


[Site "https://www.chess.com"]

[Event "Titled Tuesday Blitz December 27 Early 2022"]
[White "Larina, Maria"]
[Black "Taboas Rodriguez, Daniel"]
[WhiteFideId "24113182"]
[BlackFideId "2208466"]
[WhiteElo "1948"]
[BlackElo "2371"]
[Result "0-1"]
[Round "01"]
[TimeControl "180+2"]
[Date "2022.12.27"]
[WhiteClock "0:00:06"]
[BlackClock "0:00:59"]

1. e4 e5 2. Nf3 Nc6 3. Nc3 Nf6 4. Bb5 Bb4 5. O-O O-O 6. d3 d6 7. Ne2 Ne7 8. c3 Ba5 9. Ng3 c6 10. Ba4 Ng6 11. h3 d5 12. Qe2 Bc7 13. Re1 h6 14. Nf5 Bxf5 15. exf5 Nf4 16. Bxf4 exf4 17. Nh4 Re8 18. Qf3 Qd7 19. Bc2 Re7 20. Rxe7 Qxe7 21. Kf1 Re8 22. Qd1 a5 23. Qe1 Qd7 24. Qd2 Re7 25. Re1 b5 26. Rxe7 Qxe7 27. Qe2 Kf8 28. Qxe7+ Kxe7 29. d4 a4 30. a3 Ne4 31. Bxe4 dxe4 32. Ke2 Kf6 33. g3 fxg3 34. fxg3 Bxg3 35. Ng2 Kxf5 36. Ke3 g5 37. Ke2 Ke6 38. Ke3 f5 39. Ke2 f4 40. Kf1 Kd5 41. Ke2 Kc4 0-1


[Site "https://www.chess.com"]

[Event "Titled Tuesday Blitz December 27 Early 2022"]
[White "Lauridsen, Jesper Morch"]
[Black "Pinheiro, Iung Alicio de O."]
[WhiteFideId "1401890"]
[BlackFideId "2104350"]
[WhiteElo "2309"]
[BlackElo "2306"]
[Result "0-1"]
[Round "01"]
[TimeControl "180+2"]
[Date "2022.12.27"]
[WhiteClock "0:00:03"]
[BlackClock "0:00:10"]

1. e4 c5 2. Nf3 Nc6 3. Nc3 e5 4. Bc4 d6 5. d3 Be7 6. Nd2 Nf6 7. O-O O-O 8. h3 Be6 9. Bxe6 fxe6 10. Nf3 Qe8 11. Bg5 Nh5 12. Bxe7 Nxe7 13. Ng5 Rf6 14. Qg4 Qg6 15. Ne2 Raf8 16. Nf3 Qe8 17. Kh1 Rh6 18. c3 Ng6 19. d4 Ngf4 20. Ng3 Rff6 21. dxe5 Rfg6 22. Qh4 Nxg3+ 23. fxg3 Rxh4 24. Nxh4 Rh6 25. Rxf4 dxe5 26. Rf3 Rf6 27. Raf1 Rxf3 28. Nxf3 Qb5 29. Kg1 Qxb2 30. Nxe5 Qxc3 31. Nd7 Qd4+ 32. Kh2 Qxd7 33. Rf3 c4 34. e5 Qd4 0-1


[Site "https://www.chess.com"]

[Event "Titled Tuesday Blitz December 27 Early 2022"]
[White "Legenia, Artem"]
[Black "Tan, Zhongyi"]
[WhiteFideId "14136945"]
[BlackFideId "8603642"]
[WhiteElo "2092"]
[BlackElo "2517"]
[Result "1/2-1/2"]
[Round "01"]
[TimeControl "180+2"]
[Date "2022.12.27"]
[WhiteClock "0:00:40"]
[BlackClock "0:00:19"]

1. d4 Nf6 2. Nf3 d5 3. Bf4 Bf5 4. e3 e6 5. h3 Bd6 6. Bxd6 Qxd6 7. c3 O-O 8. Bd3 Qb6 9. b3 Bxd3 10. Qxd3 c5 11. O-O Nc6 12. Nbd2 Rac8 13. Rfc1 cxd4 14. exd4 h6 15. b4 Nd7 16. a4 Ne7 17. Nb3 Qc7 18. a5 Nf5 19. Nfd2 Nd6 20. Nc5 b6 21. Nxd7 Qxd7 22. axb6 axb6 23. c4 dxc4 24. Nxc4 Qb5 25. Ne5 Qxd3 26. Nxd3 Nb5 27. Rxc8 Rxc8 28. Ra6 Nxd4 29. Rxb6 Rc3 30. Ne5 f6 31. Rb8+ Kh7 32. Nd7 h5 33. b5 Rb3 34. b6 e5 35. Nc5 Rb1+ 36. Kh2 Nc6 37. Rb7 Na5 38. Ra7 Nc6 39. Rb7 Na5 40. Ra7 Nc6 41. Rb7 1/2-1/2


[Site "https://www.chess.com"]

[Event "Titled Tuesday Blitz December 27 Early 2022"]
[White "Levitskiy, Andrey"]
[Black "Sovetbekova, Nurai"]
[WhiteFideId "14132885"]
[BlackFideId "13801910"]
[WhiteElo "2304"]
[BlackElo "1764"]
[Result "1-0"]
[Round "01"]
[TimeControl "180+2"]
[Date "2022.12.27"]
[WhiteClock "0:01:19"]
[BlackClock "0:00:22"]

1. e4 c5 2. Nf3 d6 3. d4 cxd4 4. Nxd4 Nf6 5. Nc3 a6 6. h3 e5 7. Nde2 h5 8. Bg5 Be7 9. Ng3 Be6 10. Bxf6 Bxf6 11. Nxh5 b5 12. Nxf6+ gxf6 13. Be2 Nc6 14. Nd5 Nd4 15. c3 Bxd5 16. exd5 Nf5 17. Qd3 Nh4 18. g3 Ng6 19. a4 b4 20. cxb4 Qb6 21. b5 Ke7 22. h4 Qc5 23. Qc4 Qb6 24. Qc6 Qa5+ 25. Qc3 Qb6 26. b4 Rhc8 27. Qe3 Qc7 28. b6 Qc2 29. b7 Qb2 30. O-O 1-0


[Site "https://www.chess.com"]

[Event "Titled Tuesday Blitz December 27 Early 2022"]
[White "Lewtak, Damian"]
[Black "Van Essen, Mark"]
[WhiteFideId "1141724"]
[BlackFideId "1012819"]
[WhiteElo "2381"]
[BlackElo "2194"]
[Result "1-0"]
[Round "01"]
[TimeControl "180+2"]
[Date "2022.12.27"]
[WhiteClock "0:00:21"]
[BlackClock "0:00:04"]

1. e4 e5 2. Nf3 Nc6 3. Bb5 a6 4. Bxc6 dxc6 5. O-O Ne7 6. d4 exd4 7. Nxd4 Ng6 8. Nc3 Bc5 9. Nb3 Qxd1 10. Rxd1 Bb6 11. h3 O-O 12. Bd2 f6 13. Re1 Be6 14. Be3 Bxe3 15. Rxe3 b6 16. Nd4 Bd7 17. b3 c5 18. Nf5 Bxf5 19. exf5 Ne5 20. Nd5 Rf7 21. Rd1 Kf8 22. Nf4 Re7 23. c4 Rae8 24. Nd5 Rd7 25. Rde1 Red8 26. g4 Nc6 27. Kg2 Nd4 28. Re4 Nc2 29. R1e2 Nb4 30. Nf4 Kf7 31. a3 Nc6 32. Nd5 Nd4 33. Re7+ Kf8 34. R2e3 Nc6 35. R7e4 Ne5 36. f4 Nc6 37. g5 fxg5 38. fxg5 Rf7 39. f6 gxf6 40. Nxf6 Nd4 41. Re8+ Rxe8 42. Rxe8+ Kg7 43. Rg8# 1-0


[Site "https://www.chess.com"]

[Event "Titled Tuesday Blitz December 27 Early 2022"]
[White "Liyanage, Ranindu Dilshan"]
[Black "Szyszylo, Rafal"]
[WhiteFideId "9915834"]
[BlackFideId "1109626"]
[WhiteElo "2342"]
[BlackElo "2091"]
[Result "1/2-1/2"]
[Round "01"]
[TimeControl "180+2"]
[Date "2022.12.27"]
[WhiteClock "0:00:16"]
[BlackClock "0:00:03"]

1. e4 d6 2. d4 Nf6 3. Nc3 g6 4. f4 Bg7 5. Nf3 O-O 6. e5 dxe5 7. fxe5 Nd5 8. Bc4 Nxc3 9. bxc3 c5 10. O-O Bg4 11. Be3 Nc6 12. h3 Bxf3 13. Rxf3 cxd4 14. cxd4 Qc7 15. Qf1 e6 16. Rd1 Rac8 17. Be2 Nb4 18. c3 Nxa2 19. Bd2 Qd7 20. Ra1 Nxc3 21. Be3 Nxe2+ 22. Qxe2 a6 23. h4 h5 24. Raf1 b5 25. Qd2 Rc4 26. Qf2 b4 27. Qe2 Qd5 28. g4 hxg4 29. Rg3 Rxd4 30. Bxd4 Qxd4+ 31. Kh1 Qxe5 32. Qg2 f5 33. Qf2 a5 34. Re1 Qd5+ 35. Rg2 Bd4 36. Qe2 e5 37. Qa6 Kg7 38. Rc1 Rf7 39. Rc6 Kf8 40. Rxg6 Ke7 41. Rc6 e4 42. Rc7+ Kf8 43. Qh6+ Bg7 44. Rc8+ Ke7 45. Qg5+ Bf6 46. Qg8 Qd1+ 47. Rg1 Qf3+ 48. Rg2 Qh3+ 49. Kg1 Bd4+ 50. Kf1 Qh1+ 51. Ke2 Qxg2+ 52. Kd1 Qf1+ 53. Kc2 Qd3+ 54. Kc1 Be3+ 55. Kb2 Qd4+ 56. Kb3 Qd5+ 57. Ka4 Qd7+ 58. Kb3 Qd5+ 59. Ka4 Qd7+ 60. Kb3 Qd5+ 1/2-1/2


[Site "https://www.chess.com"]

[Event "Titled Tuesday Blitz December 27 Early 2022"]
[White "Ljukin, Sergei"]
[Black "Pakleza, Zbigniew"]
[WhiteFideId "14102200"]
[BlackFideId "1119290"]
[WhiteElo "2362"]
[BlackElo "2494"]
[Result "0-1"]
[Round "01"]
[TimeControl "180+2"]
[Date "2022.12.27"]
[WhiteClock "0:00:02"]
[BlackClock "0:00:05"]

1. e4 d6 2. d4 Nf6 3. Nc3 c6 4. f4 Qb6 5. e5 Nd5 6. Nxd5 cxd5 7. Nf3 Nc6 8. c3 Bf5 9. Bd3 g6 10. Bxf5 gxf5 11. O-O e6 12. Qe2 Be7 13. b4 O-O-O 14. a4 Qc7 15. a5 Kb8 16. Qa2 a6 17. b5 axb5 18. Ba3 dxe5 19. Bxe7 Qxe7 20. Nxe5 Nxe5 21. fxe5 Rc8 22. Rfb1 Qd7 23. a6 b6 24. a7+ Ka8 25. Qa6 Rxc3 26. Rxb5 Qb7 27. Qxb6 Qxb6 28. Rxb6 Rhc8 29. Rd6 Rc1+ 30. Rxc1 Rxc1+ 31. Kf2 Rc7 32. Rd8+ Kxa7 33. Rh8 Kb6 34. Rxh7 Kb5 35. h4 Kc4 36. Ke3 f4+ 37. Kxf4 Kxd4 38. h5 Rc1 39. h6 Rf1+ 40. Kg5 Kxe5 41. g4 d4 42. Rh8 d3 43. Rd8 f6+ 44. Kg6 Rf4 45. h7 Rxg4+ 46. Kf7 Rh4 47. h8=Q Rxh8 48. Rxh8 f5 49. Kg6 Ke4 50. Kg5 f4 51. Kg4 e5 52. Re8 d2 53. Rd8 Ke3 54. Kh3 f3 55. Kg3 e4 0-1


[Site "https://www.chess.com"]

[Event "Titled Tuesday Blitz December 27 Early 2022"]
[White "Makarian, Rudik"]
[Black "Potapova, Margarita"]
[WhiteFideId "44105681"]
[BlackFideId "14126869"]
[WhiteElo "2545"]
[BlackElo "2104"]
[Result "1/2-1/2"]
[Round "01"]
[TimeControl "180+2"]
[Date "2022.12.27"]
[WhiteClock "0:00:15"]
[BlackClock "0:00:39"]

1. Nf3 d5 2. b3 Nf6 3. Bb2 e6 4. g3 c5 5. Bg2 Be7 6. O-O O-O 7. c4 d4 8. d3 Nc6 9. Nbd2 e5 10. a3 h6 11. Ne4 Nxe4 12. dxe4 a5 13. Ne1 f5 14. e3 Qe8 15. Nd3 Qg6 16. exd4 cxd4 17. exf5 Bxf5 18. Bxc6 Bxd3 19. Bd5+ Kh8 20. Re1 Bd6 21. Qd2 Rf6 22. Rad1 Bc2 23. Rc1 Bf5 24. c5 Bc7 25. b4 axb4 26. axb4 Raf8 27. b5 Bh3 28. Be4 Qf7 29. Rf1 Ba5 30. Qe2 Qb3 31. Bd3 Qd5 32. Be4 Qb3 33. Bd3 Qd5 34. Be4 Qb3 1/2-1/2


[Site "https://www.chess.com"]

[Event "Titled Tuesday Blitz December 27 Early 2022"]
[White "Marin Ramirez, Gerardo"]
[Black "Silva, Miguel Antonio Neto"]
[WhiteFideId "3901068"]
[BlackFideId "1911929"]
[WhiteElo "2127"]
[BlackElo "2204"]
[Result "0-1"]
[Round "01"]
[TimeControl "180+2"]
[Date "2022.12.27"]
[WhiteClock "0:00:03"]
[BlackClock "0:00:28"]

1. d4 Nf6 2. Nf3 d5 3. c4 e6 4. Nc3 c6 5. e3 Nbd7 6. Qc2 Bd6 7. Be2 O-O 8. O-O b6 9. e4 dxe4 10. Nxe4 Nxe4 11. Qxe4 Bb7 12. Bd3 Nf6 13. Qh4 g6 14. Bh6 c5 15. Bxf8 Bxf8 16. Be2 cxd4 17. Qxd4 Qe7 18. Rad1 Bg7 19. Qd6 Qe8 20. Qc7 Qc8 21. Qxc8+ Rxc8 22. b3 Ne4 23. Rd7 Nc5 24. Rd2 Kf8 25. Rfd1 Bf6 26. h3 Bc6 27. Nd4 Be8 28. Bf3 a6 29. b4 Na4 30. b5 axb5 31. cxb5 Nc3 32. Re1 Nxb5 33. Nxb5 Bxb5 34. Rb1 Rc5 35. Be2 Bxe2 36. Rxe2 Bd4 37. Rd2 e5 0-1


[Site "https://www.chess.com"]

[Event "Titled Tuesday Blitz December 27 Early 2022"]
[White "Martic, Ivan"]
[Black "Martinez Alcantara, Jose Eduardo"]
[WhiteFideId "929301"]
[BlackFideId "3805662"]
[WhiteElo "2301"]
[BlackElo "2619"]
[Result "0-1"]
[Round "01"]
[TimeControl "180+2"]
[Date "2022.12.27"]
[WhiteClock "0:01:15"]
[BlackClock "0:02:03"]

1. c4 c5 2. Nc3 Nc6 3. Nf3 g6 4. e3 Bg7 5. d4 d6 6. d5 Nb4 7. a3 Na6 8. h3 Nf6 9. Bd3 O-O 10. O-O e5 11. e4 Ne8 12. Bg5 Bf6 13. Be3 Bg7 14. Bg5 f6 15. Bd2 f5 16. Ng5 Nac7 17. b4 b6 18. bxc5 dxc5 19. exf5 gxf5 20. f4 e4 21. Bc2 h6 22. Ne6 Nxe6 23. dxe6 Bxe6 24. Kh1 Bxc4 25. Bb3 Bf7 26. Ra2 c4 27. Ba4 Nf6 28. Ne2 c3 29. Nxc3 Bxa2 30. Nxa2 Kh8 31. Bb3 Rc8 32. Qe2 Qd3 33. Qxd3 exd3 34. Bb4 Rfe8 35. Rd1 Ne4 36. Kh2 Nf2 37. Rd2 Re2 38. Rxe2 dxe2 39. Kg3 Nd3 0-1


[Site "https://www.chess.com"]